 Dungeon Sprint DCSS version 0.21-a0-364-gbd1fde4 (webtiles) character file.

151 Kidiri the Thaumaturge (level 5, 0/28 HPs)
             Began as a Deep Elf Fire Elementalist on Oct 14, 2017.
             Slain by a sixfirhy (10 damage)
             ... summoned by a kobold demonologist
             ... in the Dungeon (Sprint III: "The Ten Rune Challenge").
             The game lasted 00:02:02 (317 turns).

Kidiri the Thaumaturge (Deep Elf Fire Elementalist)  Turns: 317, Time: 00:02:02

Health: 0/28       AC:  4    Str:  5    XL:     5   Next: 10%
Magic:  10/19      EV: 13    Int: 21    God:
Gold:   30         SH:  0    Dex: 15    Spells: 10/23 levels left

rFire    . . .     SeeInvis .   (no weapon)
rCold    . . .     Gourm    .   (no shield)
rNeg     . . .     Faith    .   a - +0 robe
rPois    .         Spirit   .   (no helmet)
rElec    .         Reflect  .   (no cloak)
rCorr    .         Harm     .   (no gloves)
MR       .....     NoTele   +   (no boots)
Stlth    ++........             (no amulet)
HPRegen  0.09/turn              (no ring)
MPRegen  0.16/turn              (no ring)

@: no status effects
A: iridescent scales 1, wild magic 1
a: no special abilities


You were in the Dungeon.
You were not hungry.

You visited 1 branch You collected 30 gold pieces.

Inventory:

Armour
 a - a +0 robe (worn)
Scrolls
 i - a scroll of blinking
 k - a scroll of immolation
 m - a scroll of torment {unknown}
 o - 3 scrolls of remove curse
 q - a scroll of holy word {unknown}
Potions
 d - a potion of curing
 e - a potion of heal wounds
 f - a potion of haste
 g - 2 potions of magic
 h - a potion of berserk rage
 l - 2 potions of mutation
 r - a potion of cancellation
 s - a potion of flight
Books
 b - a book of Flames

   Spells                             Type                      Level
   a - Flame Tongue                   Conjuration/Fire             1
   b - Throw Flame                    Conjuration/Fire             2
   c - Conjure Flame                  Conjuration/Fire             3
   d - Inner Flame                    Hexes/Fire                   3
   e - Sticky Flame                   Conjuration/Fire             4
   f - Fireball                       Conjuration/Fire             5
Comestibles
 c - 2 bread rations
 j - 4 chunks of flesh
 p - a royal jelly


   Skills:
 - Level 2.4 Dodging
 - Level 2.4 Stealth
 * Level 9.9 Spellcasting
 + Level 5.6 Conjurations
 + Level 6.5 Fire Magic


You had 10 spell levels left.
You knew the following spells:

 Your Spells              Type           Power        Failure   Level  Hunger
a - Flame Tongue          Conj/Fire      #####        1%          1    None
b - Throw Flame           Conj/Fire      #####.       1%          2    None
c - Conjure Flame         Conj/Fire      #####...     3%          3    None
d - Inner Flame           Hex/Fire       ####....     8%          3    None
e - Sticky Flame          Conj/Fire      #####...     9%          4    ##.....


Dungeon Overview and Level Annotations

Branches:
Dungeon (1/1)

Altars:
Kikubaaqudgha
Sif Muna
Vehumet


Innate Abilities, Weirdness & Mutations

You are partially covered in iridescent scales. (AC +2)
Your spells are a little harder to cast, but a little more powerful.


Message History

You kill the wizard!
You have reached level 5!
The kobold demonologist looks satisfied for a moment.
The kobold demonologist gestures wildly while chanting.
Things that are here:
a dagger; a robe; a book of Cantrips Unknown command.
Casting: Sticky Flame
Confirm with . or Enter, or press ? or * to list all spells.
Aiming: Sticky Flame
Press: ? - help, Shift-Dir - straight line, f - kobold demonologist
Aim: a kobold demonologist, wielding an enchanted dagger and wearing a robe The sticky flame hits the kobold demonologist.
The kobold demonologist is heavily wounded.
The kobold demonologist is covered in liquid flames!
The kobold demonologist burns!
The sixfirhy barely misses you. x2
The sixfirhy hits you. The sixfirhy shocks you!
The kobold demonologist miscasts a cantrip.
The sixfirhy hits you. The sixfirhy shocks you!
You die...

###....♣.♣ ♣.#
..#....≈♣♣♣♣♣.###+#+###+
..#...≈≈.♣....#.........
..#..≈≈≈≈.♣♣..'.⌠.......
#'#..≈≈≈≈÷≈.♣.#...######
..#.≈≈≈≈≈≈....#.⌠.#
.)#.≈≈≈≈≈.....#...#
..#.≈≈≈.......#'###
###...........#.@K#
..............#__3#
▓▓▓▓▓▓▓▓▓▓▓▓▓▓▓▓▓▓▓


You could see a kobold demonologist (burning) and a sixfirhy.

Vanquished Creatures
  A water elemental (D)
  A wizard (D)
  Jessica (D)
  A human (D)
  A wolf (D)
  An ooze (D)
  A rat (D)
7 creatures vanquished.

Vanquished Creatures (others)
  2 draconian scorchers (D)
  6 hellions (D)
  2 yaktaurs (D)
10 creatures vanquished.

Grand Total: 17 creatures vanquished

Notes
Turn   | Place    | Note
-------+----------+-------------------------------------------
     0 | D        | Kidiri the Deep Elf Fire Elementalist began the quest for the Orb.
     0 | D        | Reached XP level 1. HP: 10/10 MP: 6/6
    35 | D        | Reached skill level 4 in Spellcasting
    74 | D        | Noticed Jessica
    80 | D        | Killed Jessica
    80 | D        | Reached skill level 6 in Spellcasting
    80 | D        | Reached XP level 2. HP: 15/15 MP: 4/11
    80 | D        | Reached XP level 3. HP: 19/19 MP: 4/12
    84 | D        | Learned a level 2 spell: Throw Flame
    88 | D        | Learned a level 3 spell: Conjure Flame
    92 | D        | Learned a level 3 spell: Inner Flame
   115 | D        | Killed a hellion
   119 | D        | Killed a hellion
   120 | D        | Killed a hellion
   127 | D        | Killed a yaktaur
   128 | D        | Killed a hellion
   129 | D        | Killed a hellion
   130 | D        | Killed a hellion
   159 | D        | Reached skill level 7 in Spellcasting
   159 | D        | Reached skill level 5 in Fire Magic
   165 | D        | Killed a yaktaur
   178 | D        | Gained mutation: Your muscles are strong. (Str +2) [potion of mutation]
   178 | D        | Gained mutation: Your muscles are very strong. (Str +4) [potion of mutation]
   179 | D        | Lost mutation: Your muscles are very strong. (Str +4) [potion of mutation]
   179 | D        | Lost mutation: Your muscles are strong. (Str +2) [potion of mutation]
   179 | D        | Gained mutation: You are partially covered in iridescent scales. (AC +2) [potion of mutation]
   179 | D        | Gained mutation: Your spells are a little harder to cast, but a little more powerful. [potion of mutation]
   200 | D        | Killed a white draconian scorcher
   260 | D        | Noticed a water elemental
   262 | D        | Killed a white draconian scorcher
   263 | D        | Killed a water elemental
   263 | D        | Reached skill level 9 in Spellcasting
   263 | D        | Reached skill level 5 in Conjurations
   263 | D        | Reached XP level 4. HP: 24/24 MP: 9/17
   270 | D        | Learned a level 4 spell: Sticky Flame
   313 | D        | Found a radiant altar of Vehumet.
   314 | D        | Found a deep blue altar of Sif Muna.
   314 | D        | Found an ancient bone altar of Kikubaaqudgha.
   314 | D        | Noticed a wizard
   315 | D        | Killed a wizard
   315 | D        | Reached XP level 5. HP: 28/28 MP: 14/19
   317 | D        | Noticed a sixfirhy
   317 | D        | Slain by a sixfirhy

Vault maps used:
D:        dungeon_sprint_mu

Skill      XL: |  1  2  3 |
---------------+----------+-----
Spellcasting   | 6 9 |  9.9
Conjurations   | 3 5 |  5.6
Fire Magic     | 4 6 |  6.5
Dodging        | |  2.4
Stealth        | |  2.4

Action                   |  1- 3 |  4- 6 || total
-------------------------+-------+-------++-------
 Cast: Flame Tongue      |    11 |       ||    11
       Throw Flame       |     2 |       ||     2
       Conjure Flame     |     1 |       ||     1
       Sticky Flame      |       |     2 ||     2
  Use: Scroll            |     3 |       ||     3
       Potion            |     2 |       ||     2
Dodge: Dodged            |       |     2 ||     2

Table legend:
 A = Spawn XP
 B = Non-spawn XP
 C = Spawn XP percentage of total XP
 D = Spawn monster count
 E = Non-spawn monster count
 F = Spawn count percentage of total count
 G = Total turns spent on level
                    A         B        C        D         E        F      G
               +---------+---------+-------+---------+---------+-------+---------
         Total |       0 |     216 |   0.0 |       0 |       7 |   0.0 |   317
               +---------+---------+-------+---------+---------+-------+---------
             D |       0 |     216 |   0.0 |       0 |       7 |   0.0 |   317
               +---------+---------+-------+---------+---------+-------+---------
